Map: Port Aleksander LE

Players

Lambo - Winner!

  • Race: Zerg Zerg
  • League: Grandmaster
  • Spawn Location: 5:00

IIIIIIIIIIII

  • Race: Protoss Protoss
  • League: Master
  • Spawn Location: 11:00

VOD

Have the link to the VOD?

Description

Time

  • Played on: Dec. 5, 2018, 8:56 a.m.
  • Length: 23:42
Show
View Real Time Build Order
Export as new Build Order

Lambo Zerg - Winner!

Build Orders: Hatch First 

Get SALT Encoding   

  12  0:00  Drone  
  13  0:12  Overlord  
  13  0:17  Drone  
  14  0:31  Drone x2  
  16  0:49  Hatchery  
  15  0:52  Drone  
  15  0:56  Drone  
  17  1:00  Drone  
  18  1:10  Extractor  
  17  1:15  Spawning Pool  
  16  1:18  Drone  
  16  1:22  Drone  
  18  1:29  Drone  
  20  1:40  Drone  
  20  1:54  Overlord  
  20  2:01  Queen x2  
  20  2:03  Drone, Zergling x2  
  26  2:11  Drone  
  26  2:12  Drone  
  26  2:15  Metabolic Boost  
  28  2:24  Drone x2  
  30  2:39  Hatchery  
  30  2:41  Drone  
  30  2:44  Drone x2  
  30  2:49  Overlord  
  32  2:55  Zergling x4  
  34  3:04  Queen  
  36  3:09  Zergling x4  
  37  3:14  Zergling x2  
  37  3:16  Drone x2  
  37  3:18  Drone x2  
  37  3:19  Drone  
  43  3:21  Drone  
  43  3:29  Drone  
  43  3:33  Drone  
  43  3:37  Overlord  
  44  3:41  Drone  
  44  3:44  Overlord  
  44  3:45  Overlord  
  44  3:52  Spore Crawler  
  43  3:58  Drone  
  43  3:59  Drone x4  
  43  4:00  Spore Crawler, Queen  
  49  4:03  Drone  
  49  4:05  Drone  
  50  4:14  Drone  
  50  4:17  Drone x3  
  50  4:19  Drone x2  
  50  4:22  Drone x3  
  50  4:23  Drone  
  50  4:24  Drone  
  60  4:31  Queen  
  60  4:33  Drone  
  60  4:35  Drone x2  
  63  4:43  Queen  
  63  4:45  Drone  
  65  4:51  Drone  
  66  4:55  Spore Crawler, Overlord  
  66  4:58  Spore Crawler, Queen  
  66  5:03  Overlord x2  
  66  5:07  Spore Crawler  
  66  5:09  Evolution Chamber  
  66  5:10  Queen  
  66  5:14  Drone x8  
  71  5:23  Drone x3  
  71  5:24  Spore Crawler  
  71  5:25  Drone x2  
  71  5:27  Extractor  
  74  5:29  Zergling x6  
  74  5:34  Lair  
  74  5:35  Zerg Missile Weapons Level 1  
  77  5:36  Drone  
  77  5:38  Baneling Nest  
  77  5:40  Extractor  
  77  5:42  Extractor  
  75  5:43  Drone  
  75  5:44  Drone  
  75  5:46  Drone x2  
  79  5:50  Drone  
  79  5:52  Hatchery  
  79  5:54  Drone x3  
  79  5:57  Drone  
  83  5:59  Extractor  
  82  6:05  Drone x3  
  82  6:06  Drone  
  82  6:07  Extractor  
  85  6:16  Drone x2  
  85  6:17  Drone  
  85  6:18  Drone x2, Overlord  
  87  6:19  Overlord x2  
  87  6:30  Overlord  
  87  6:31  Drone x2  
  89  6:38  Hydralisk Den  
  88  6:40  Overlord  
  88  6:43  Queen  
  89  6:47  Spore Crawler, Zergling x16  
  89  6:49  Zergling x2  
  89  6:50  Baneling  
  89  6:51  Baneling  
  94  6:58  Zergling x16  
  102  7:04  Zergling x2  
  102  7:05  Zergling x2  
  102  7:06  Zergling x2  
  102  7:07  Queen x2, Zergling x2  
  99  7:14  Grooved Spines  
  95  7:19  Pneumatized Carapace  
  95  7:22  Baneling x2  
  92  7:23  Drone x4, Baneling  
  106  7:37  Drone x12  
  106  7:41  Spore Crawler  
  105  7:48  Zerg Missile Weapons Level 2  
  105  7:49  Centrifical Hooks  
  105  7:53  Hydralisk x5  
  115  7:59  Overlord  
  115  8:07  Hydralisk x4  
  115  8:12  Infestation Pit  
  121  8:17  Hydralisk x2  
  127  8:20  Overlord x2  
  127  8:22  Hydralisk  
  127  8:25  Muscular Augments  
  129  8:29  Spore Crawler, Drone x3  
  129  8:33  Hydralisk x4  
  132  8:39  Hydralisk x3  
  136  8:42  Hydralisk  
  136  8:43  Zergling x2  
  139  8:49  Hydralisk x2  
  139  8:54  Hydralisk x2  
  147  8:56  Overlord  
  147  8:59  Overlord  
  147  9:00  Hydralisk  
  149  9:07  Hydralisk  
  151  9:13  Hydralisk x2  
  152  9:17  Hydralisk  
  152  9:20  Hydralisk  
  152  9:24  Baneling x2  
  156  9:26  Zergling x14  
  156  9:29  Zergling x6  
  156  9:31  Baneling x3  
  166  9:34  Hydralisk  
  168  9:40  Overlord  
  168  9:43  Overlord x2  
  168  9:45  Baneling x7  
  168  9:49  Overlord  
  168  9:55  Overlord  
  168  10:00  Spore Crawler, Hydralisk  
  168  10:01  Hydralisk x2  
  168  10:03  Hydralisk  
  168  10:04  Zerg Melee Weapons Level 1  
  175  10:07  Hydralisk, Spine Crawler  
  175  10:10  Hydralisk  
  178  10:14  Hydralisk  
  178  10:15  Hydralisk  
  178  10:18  Hydralisk  
  184  10:24  Hydralisk x2  
  188  10:28  Hydralisk x2  
  188  10:31  Zergling x4  
  188  10:33  Zergling x2  
  195  10:35  Baneling x4  
  195  10:36  Baneling  
  195  10:40  Zergling x6  
  195  10:42  Baneling x3  
  198  10:44  Hydralisk  
  199  10:52  Overseer x4  
  199  10:56  Zergling x8  
  195  10:58  Overseer x2  
  195  11:02  Overseer  
  195  11:04  Baneling, Zergling x6  
  192  11:08  Baneling x3  
  192  11:09  Zergling x4  
  195  11:14  Baneling x3  
  195  11:28  Hydralisk x3  
  195  11:29  Zergling x2  
  195  11:31  Overseer  
  199  11:44  Overlord  
  197  11:55  Hydralisk  
  196  12:06  Zerg Ground Armor Level 1  
  191  12:09  Hatchery  
  191  12:13  Hydralisk x7  
  179  12:37  Hydralisk x9  
  179  12:42  Hydralisk  
  179  12:43  Zergling x28  
  167  12:46  Hydralisk  
  167  12:49  Hydralisk  
  169  12:57  Hydralisk x2, Zergling x4  
  153  13:01  Hydralisk  
  153  13:05  Hydralisk  
  131  13:08  Hydralisk  
  128  13:14  Hydralisk x2  
  128  13:16  Zergling x8  
  122  13:22  Hydralisk x2  
  122  13:28  Spore Crawler  
  122  13:29  Hydralisk x2  
  122  13:43  Baneling x7  
  119  13:48  Hydralisk  
  119  13:51  Hydralisk  
  120  13:56  Hydralisk  
  120  14:00  Spore Crawler  
  118  14:04  Hydralisk x3  
  118  14:09  Hydralisk  
  119  14:12  Spore Crawler  
  119  14:14  Spore Crawler  
  119  14:15  Spore Crawler  
  116  14:18  Hydralisk x2  
  116  14:20  Hydralisk  
  116  14:22  Spore Crawler x2  
  120  14:24  Spore Crawler  
  120  14:25  Spore Crawler  
  120  14:26  Spore Crawler  
  117  14:33  Hydralisk x2  
  121  14:39  Zergling x8  
  121  14:45  Hydralisk x2  
  128  14:55  Spore Crawler  
  128  14:56  Spore Crawler, Hydralisk  
  128  15:01  Hydralisk  
  130  15:08  Zerg Ground Armor Level 2  
  130  15:19  Pathogen Glands  
  129  15:28  Drone x3  
  129  15:29  Drone x2  
  129  15:30  Drone  
  132  15:44  Infestor x3  
  132  15:47  Infestor  
  140  15:51  Hydralisk  
  140  15:52  Overlord  
  142  16:02  Overlord  
  142  16:04  Infestor  
  140  16:09  Infestor  
  144  16:14  Spore Crawler x2  
  141  16:20  Drone x3  
  141  16:23  Spore Crawler  
  141  16:24  Spore Crawler  
  142  16:29  Spore Crawler x2, Infestor  
  142  16:36  Spore Crawler  
  142  16:37  Spore Crawler, Infestor  
  142  16:42  Infestor  
  144  16:59  Infestor x2  
  147  17:21  Hatchery  
  147  17:22  Infestor x2  
  146  17:26  Spore Crawler  
  149  17:30  Infestor  
  149  17:36  Burrow  
  151  17:46  Infestor  
  151  17:50  Neural Parasite  
  153  17:59  Infestor  
  153  18:00  Extractor x2  
  153  18:02  Drone x2  
  153  18:05  Drone  
  156  18:16  Infestor  
  156  18:17  Overlord  
  158  18:22  Infestor  
  160  18:28  Spore Crawler  
  160  18:31  Spore Crawler  
  158  18:34  Infestor  
  158  18:41  Zergling x2  
  161  18:44  Zergling x2  
  161  18:47  Infestor  
  164  18:54  Infestor  
  166  19:03  Infestor  
  168  19:19  Infestor  
  168  19:24  Hatchery  
  169  19:28  Hive  
  169  19:35  Infestor  
  170  19:41  Infestor  
  171  19:53  Infestor  
  171  19:59  Drone x7  
  181  20:00  Drone  
  181  20:02  Drone x2  
  183  20:19  Overlord x2  
  183  20:27  Overlord  
  183  20:29  Overlord  
  183  20:30  Extractor  
  183  20:35  Extractor  
  181  20:41  Infestor x5  
  191  20:48  Drone x3  
  191  20:49  Drone x4  
  198  20:58  Spine Crawler  
  198  21:03  Spore Crawler  
  196  21:07  Overseer x3  
  196  21:39  Zergling x6  
  188  21:50  Zergling x8  
  180  22:08  Drone  
  180  22:09  Drone x6  
  180  22:10  Drone  
  180  22:11  Drone x7  
  180  22:12  Drone x2  
Show
View Real Time Build Order
Export as new Build Order

IIIIIIIIIIII Protoss 

Build Orders: 1 Gate Expand, Oracle Opening, Phoenix Opening, Mass Phoenix 

Get SALT Encoding   

  12  0:00  Probe  
  13  0:13  Probe  
  14  0:20  Pylon  
  14  0:25  Probe  
  15  0:35  Probe  
  15  0:40  Gateway  
  16  0:43  Probe  
  16  0:48  Assimilator  
  17  0:52  Probe  
  18  1:04  Probe  
  19  1:16  Probe  
  20  1:26  Nexus  
  20  1:37  Cybernetics Core  
  20  1:40  Probe  
  21  1:49  Assimilator  
  21  1:52  Probe  
  22  1:56  Pylon  
  22  2:04  Probe  
  22  2:05  Adept  
  25  2:16  Probe  
  25  2:20  Stargate  
  26  2:25  Adept  
  26  2:28  Probe, Warp Gate  
  27  2:35  Probe  
  29  2:40  Probe  
  29  2:43  Probe  
  31  2:49  Adept  
  32  2:53  Probe x2  
  36  3:04  Phoenix  
  36  3:05  Probe x2  
  40  3:21  Probe x2  
  40  3:22  Oracle  
  41  3:35  Probe x2  
  41  3:38  Pylon  
  43  3:42  Assimilator  
  43  3:45  Assimilator  
  43  3:46  Gateway  
  43  3:47  Probe x2  
  45  3:56  Stargate  
  45  3:59  Probe x2  
  45  4:02  Pylon  
  47  4:11  Probe x2, Shield Battery  
  47  4:13  Shield Battery  
  47  4:21  Pylon  
  47  4:23  Probe x2, Pylon  
  49  4:28  Phoenix  
  51  4:38  Probe x2  
  53  4:41  Phoenix  
  55  4:47  Twilight Council  
  55  4:53  Phoenix  
  55  4:55  Adept  
  55  4:59  Phoenix  
  59  5:00  Nexus  
  59  5:04  Pylon  
  59  5:07  Resonating Glaives  
  59  5:13  Phoenix  
  61  5:16  Phoenix  
  63  5:22  Probe x2  
  67  5:31  Adept x2  
  67  5:35  Pylon  
  71  5:37  Phoenix  
  71  5:41  Phoenix  
  73  5:46  Probe x2  
  77  5:50  Pylon  
  77  6:01  Adept x2  
  81  6:04  Probe  
  81  6:05  Probe  
  83  6:16  Probe  
  83  6:17  Probe x2  
  86  6:20  Phoenix x2  
  86  6:23  Adept x2  
  94  6:27  Pylon  
  94  6:29  Probe x3  
  94  6:31  Protoss Air Weapons Level 1  
  97  6:37  Pylon  
  97  6:41  Probe x3  
  97  6:45  Phoenix x2  
  104  6:53  Probe x3  
  105  7:05  Adept x2, Probe x3  
  105  7:07  Assimilator  
  105  7:08  Stargate  
  110  7:09  Assimilator  
  102  7:18  Phoenix x2  
  102  7:32  Gateway  
  102  7:33  Gateway  
  102  7:34  Gateway x2, Adept x2  
  106  7:42  Phoenix x2  
  106  7:44  Shield Battery, Phoenix  
  106  7:45  Pylon  
  110  7:56  Adept x2  
  116  7:59  Pylon x2  
  116  8:05  Phoenix  
  116  8:06  Phoenix  
  116  8:07  Phoenix  
  122  8:16  Nexus  
  122  8:19  Adept, Pylon  
  124  8:20  Adept  
  124  8:26  Adept  
  128  8:28  Adept x3  
  134  8:37  Phoenix  
  134  8:38  Phoenix x2  
  140  8:44  Pylon  
  140  8:53  Adept  
  140  8:54  Adept x4  
  140  8:55  Adept  
  152  9:00  Pylon  
  152  9:09  Forge  
  148  9:18  Phoenix x3  
  154  9:25  Assimilator  
  154  9:28  Assimilator  
  154  9:38  Fleet Beacon  
  154  9:45  Phoenix x3  
  160  9:57  Photon Cannon  
  160  9:58  Photon Cannon  
  160  9:59  Protoss Ground Weapons Level 1  
  160  10:10  Sentry  
  160  10:12  Carrier x2  
  160  10:13  Carrier  
  162  10:20  Photon Cannon  
  162  10:22  Photon Cannon  
  180  10:34  Stargate  
  180  10:38  Pylon x2  
  180  10:42  Protoss Air Weapons Level 2  
  176  11:16  Carrier x2  
  189  11:29  Adept x6  
  165  11:47  Pylon  
  165  11:49  Pylon  
  165  11:51  Pylon  
  165  11:53  Pylon  
  165  11:56  Pylon  
  165  11:58  Pylon  
  156  12:10  Pylon  
  156  12:11  Pylon  
  156  12:12  Pylon  
  156  12:16  Phoenix  
  158  12:27  Phoenix x2  
  158  12:28  Sentry x2  
  158  12:29  Sentry x4  
  154  12:41  Phoenix  
  114  13:29  Phoenix x2  
  114  13:30  Phoenix  
  120  13:36  Adept  
  120  13:37  Adept  
  120  13:38  Adept x2  
  120  13:39  Adept  
  130  13:47  Adept  
  129  13:58  Adept  
  129  14:02  Sentry  
  114  14:30  Probe x2  
  116  14:46  Probe x2  
  118  15:08  Sentry x2  
  118  15:09  Sentry x2  
  125  15:24  Sentry x2  
  129  15:35  Sentry  
  131  15:36  Sentry x3  
  135  16:17  Adept  
  137  16:31  Nexus  
  137  16:33  Pylon  
  137  16:45  Adept  
  138  17:19  Probe x2  
  140  17:26  Templar Archives  
  140  17:27  Probe  
  140  17:28  Probe  
  140  17:36  Probe x2  
  142  17:41  Assimilator  
  144  17:44  Assimilator  
  144  17:45  Probe x2  
  144  17:47  Oracle  
  149  18:03  Probe x2  
  151  18:09  Probe  
  151  18:11  Probe x2  
  151  18:15  Psionic Storm  
  151  18:18  Probe  
  155  18:44  High Templar x3  
  161  18:53  High Templar  
  163  18:58  Photon Cannon  
  162  19:23  High Templar x2  
  166  19:29  Pylon  
  166  19:42  Nexus  
  166  19:48  Photon Cannon  
  166  19:55  Pylon  
  166  20:07  Probe x2, Protoss Air Weapons Level 3  
  166  20:08  Assimilator  
  166  20:10  Probe  
  166  20:12  Assimilator  
  169  20:21  Colossus  
  169  20:25  Mothership  
  169  20:26  Probe x3  
  176  21:07  Photon Cannon  
  176  21:17  Carrier  
  176  21:25  Carrier  
  182  21:36  Carrier  
  188  22:58  Archon  
  155  23:15  High Templar x4  
Tags
 
Add a new tag
Caveats
  • Supply blocks, unpowered buildings, or Contaminate may cause inaccurate times.
  • Supply counts are checked every 10 seconds.